Map: Magannatha LE

Players

IlIlIlIlIlII

  • Race: Terran Terran
  • League: Diamond
  • Spawn Location: 5:00

IIIIIIIIIIII - Winner!

  • Race: Protoss Protoss
  • League: Diamond
  • Spawn Location: 11:00

VOD

Have the link to the VOD?

Description

Time

  • Played on: July 26, 2025, 9:27 p.m.
  • Length: 17:01
Show
View Real Time Build Order
Export as new Build Order

IlIlIlIlIlII Terran 

Build Orders:  

Get SALT Encoding   

  12  0:09  Supply Depot  
  12  0:13  SCV  
  13  0:25  SCV  
  14  0:32  Barracks  
  14  0:39  SCV  
  15  0:44  Refinery  
  15  0:49  Refinery  
  15  0:53  SCV  
  16  1:06  SCV  
  17  1:21  Supply Depot  
  17  1:22  Reaper  
  18  1:32  Orbital Command  
  18  1:49  Engineering Bay  
  18  2:00  SCV  
  19  2:14  Factory  
  19  2:17  Barracks Reactor  
  19  2:24  SCV  
  19  2:28  Engineering Bay  
  20  2:36  SCV  
  21  2:48  SCV  
  21  2:51  Supply Depot  
  22  2:53  Marine x2  
  22  2:58  Missile Turret  
  24  2:59  Factory Tech Lab  
  24  3:13  Marine x2  
  24  3:18  Cyclone  
  29  3:26  Terran Infantry Weapons Level 1  
  29  3:27  SCV  
  29  3:31  Missile Turret  
  30  3:39  Supply Depot, SCV  
  31  3:41  Marine x2  
  32  3:56  Siege Tank  
  32  3:59  Marine  
  36  4:05  Marine  
  37  4:18  Marine  
  38  4:28  Marine, SCV  
  38  4:29  Siege Tank  
  43  4:45  Marine  
  44  4:48  SCV  
  45  4:53  Barracks  
  45  4:54  Starport  
  45  5:07  Marine x2  
  47  5:28  Bunker  
  47  5:29  Bunker  
  47  5:30  Marine  
  47  5:34  Marine  
  45  5:48  Marine  
  46  5:52  Marine  
  47  6:00  SCV  
  47  6:03  Siege Tank  
  46  6:11  Marine  
  47  6:34  Missile Turret  
  47  6:35  Missile Turret  
  47  6:43  Marine x2  
  47  6:44  Siege Tank, SCV  
  47  6:45  Starport Tech Lab, Supply Depot  
  53  6:56  SCV  
  54  7:01  Marine  
  54  7:07  Marine x2  
  57  7:13  Raven  
  59  7:19  Marine  
  44  7:56  Marine  
  44  7:57  Marine, Siege Tank  
  44  7:58  Raven  
  51  8:01  Command Center  
  51  8:14  Marine  
  46  8:25  Marine  
  45  8:32  Marine  
  46  8:35  Marine  
  29  8:53  Marine  
  28  9:17  Marine x2  
  29  9:35  Marine  
  29  9:37  Marine, Siege Tank  
  34  9:40  SCV  
  34  9:41  SCV  
  36  9:50  Banshee  
  36  9:52  SCV  
  40  9:53  Marine, SCV  
  40  9:55  Marine  
  43  10:04  SCV  
  44  10:11  Hellion, Barracks  
  44  10:13  Infernal Pre-Igniter  
  46  10:14  Marine x2  
  46  10:17  Orbital Command  
  46  10:19  SCV  
  49  10:30  Factory  
  49  10:31  SCV  
  50  10:35  Marine  
  51  10:44  Marine  
  52  10:53  Marine  
  53  10:59  Banshee  
  56  11:13  Marine x3  
  59  11:31  Marine x3  
  62  11:49  Marine x2  
  62  11:52  Hellion  
  61  11:54  SCV  
  61  11:56  SCV  
  63  12:06  Barracks Tech Lab, SCV  
  64  12:14  Marine  
  64  12:15  Marine  
  66  12:21  Banshee  
  51  12:53  SCV x2  
  53  13:02  Marine x3  
  53  13:03  Hellion x2  
  53  13:05  SCV  
  61  13:09  SCV  
  62  13:17  SCV  
  63  13:20  Banshee  
  63  13:21  Marine  
  63  13:22  Stimpack, Marine x2  
  63  13:24  Terran Infantry Armor Level 1  
  63  13:25  SCV  
  70  13:29  SCV  
  67  13:59  Marine x3  
  67  14:00  Hellion  
  67  14:01  Hellion  
  74  14:03  Banshee  
  77  14:17  Marine  
  77  14:20  Starport  
  78  14:25  Refinery  
  78  14:26  Refinery  
  78  14:40  Supply Depot  
  78  14:42  Supply Depot  
  78  14:43  Armory  
  78  15:02  Marauder, Hellion x2, Marine x2  
  78  15:03  SCV, Medivac x2  
  78  15:05  Supply Depot  
  91  15:09  Supply Depot  
  91  15:20  Marine x2  
  93  15:23  Marine  
  98  15:35  Hellion  
  98  15:36  Hellion  
  98  15:37  Marine x2  
  98  15:41  Marine  
  98  15:55  Marine x2  
  100  15:57  Medivac x2  
  100  15:59  Marine  
  104  16:04  Supply Depot  
  104  16:05  Supply Depot, Factory Tech Lab  
  104  16:13  Marine  
  104  16:16  SCV x2  
  107  16:28  SCV x2  
Show
View Real Time Build Order
Export as new Build Order

IIIIIIIIIIII Protoss - Winner!

Build Orders: Blink Stalkers 

Get SALT Encoding   

  12  0:00  Probe  
  13  0:12  Probe  
  14  0:17  Pylon  
  14  0:24  Probe  
  15  0:36  Probe  
  15  0:41  Gateway  
  16  0:49  Probe  
  17  0:50  Assimilator  
  17  1:01  Probe  
  18  1:13  Probe  
  19  1:25  Probe  
  20  1:29  Cybernetics Core  
  20  1:37  Probe  
  21  1:49  Probe  
  21  2:01  Probe, Stalker  
  20  2:02  Pylon  
  20  2:03  Nexus  
  20  2:05  Warp Gate, Assimilator  
  23  2:20  Probe  
  24  2:25  Stalker  
  24  2:33  Probe  
  27  2:45  Probe  
  28  2:52  Stalker  
  28  2:58  Probe  
  31  3:00  Pylon  
  31  3:03  Twilight Council  
  31  3:14  Pylon  
  31  3:15  Probe  
  31  3:19  Probe  
  33  3:22  Shield Battery  
  33  3:27  Gateway, Probe  
  33  3:31  Probe  
  35  3:39  Probe  
  36  3:48  Probe  
  35  3:49  Blink  
  35  3:53  Probe  
  36  4:00  Probe  
  36  4:01  Gateway  
  35  4:05  Probe  
  35  4:08  Stalker  
  38  4:12  Probe  
  39  4:17  Probe  
  40  4:24  Probe  
  40  4:29  Probe  
  41  4:33  Gateway  
  41  4:36  Probe, Stalker  
  41  4:37  Stalker  
  46  4:41  Probe  
  47  4:49  Probe  
  47  4:51  Robotics Facility  
  48  4:54  Probe  
  48  4:56  Stalker  
  51  5:01  Probe  
  51  5:06  Probe  
  53  5:10  Stalker x2  
  57  5:19  Probe x2  
  59  5:27  Stalker  
  61  5:31  Probe  
  62  5:35  Pylon  
  62  5:38  Probe  
  61  5:49  Pylon  
  61  5:50  Charge  
  61  5:54  Gateway  
  61  5:55  Gateway, Pylon  
  61  5:56  Immortal, Pylon  
  61  5:59  Gateway, Pylon  
  53  6:11  Zealot x4  
  55  6:27  Immortal  
  55  6:31  Pylon  
  52  6:35  Gateway  
  52  6:37  Zealot  
  52  6:38  Zealot x3  
  61  6:50  Zealot x2  
  65  7:05  Nexus  
  65  7:08  Zealot x2  
  50  7:38  Zealot x4  
  50  7:39  Zealot x4  
  40  9:06  Stalker x2  
  40  9:07  Zealot  
  42  9:11  Nexus  
  42  9:13  Pylon  
  42  9:19  Zealot x3  
  48  10:00  Pylon  
  48  10:18  Immortal  
  52  10:47  Nexus  
  52  10:56  Warp Prism  
  54  11:02  Gateway  
  54  11:12  Gateway  
  54  11:13  Gateway  
  54  11:32  Observer, Forge  
  50  12:07  Photon Cannon  
  50  12:09  Photon Cannon  
  50  12:11  Probe x2, Shield Battery  
  52  12:16  Immortal  
  56  12:28  Zealot x2  
  56  12:29  Zealot x8  
  76  12:30  Zealot  
  52  12:56  Probe x3  
  53  12:59  Stalker x5  
  53  13:01  Protoss Ground Weapons Level 1  
  53  13:04  Templar Archives  
  62  13:25  Probe x3  
  65  13:31  Zealot x2  
  65  13:32  Zealot x4  
  71  13:49  Probe x3  
  71  13:50  Psionic Storm  
  71  13:54  Assimilator  
  74  13:56  Assimilator  
  74  13:57  Robotics Bay  
  74  13:58  Immortal  
  78  14:06  Probe  
  78  14:07  Probe  
  78  14:08  Probe  
  81  14:18  Probe  
  81  14:19  Probe  
  83  14:25  Pylon  
  83  14:26  Probe  
  84  14:34  High Templar x4  
  84  14:35  Zealot  
  84  14:36  Zealot  
  84  14:37  Observer, Stalker  
  84  14:38  Stalker  
  101  14:42  Archon  
  101  14:46  Colossus  
  101  14:47  High Templar  
  101  14:48  Zealot  
  101  14:49  Stalker  
  101  14:51  Extended Thermal Lance  
  113  15:09  Pylon  
  99  15:30  Photon Cannon  
  99  15:34  Stalker x4  
  105  15:44  Probe x3  
  108  15:51  Photon Cannon  
  108  15:59  Probe x3  
  111  16:08  Stalker  
  111  16:11  Probe  
  114  16:22  Stalker  
  114  16:23  Stalker  
  114  16:41  Zealot x4  
Tags
 
Add a new tag
Caveats
  • Supply blocks, unpowered buildings, or Contaminate may cause inaccurate times.
  • Supply counts are checked every 10 seconds.